 Dungeon Crawl Stone Soup version 0.23-a0-516-g0f8c245 (webtiles) character file.

105 galech the Shield-Bearer (level 4, 0/35 HPs)
             Began as a Demonspawn Fighter on Dec 5, 2018.
             Slain by a gnoll
             ... wielding a +0 flail
              (5 damage)
             ... on level 2 of the Dungeon.
             The game lasted 00:01:52 (1419 turns).

galech the Shield-Bearer (Demonspawn Fighter)       Turns: 1419, Time: 00:01:53

Health: 0/35       AC: 11    Str: 16    XL:     4   Next: 53%
Magic:  0/4        EV:  7    Int: 10    God:
Gold:   57         SH:  9    Dex: 13    Spells: 3/3 levels left

rFire    . . .     SeeInvis .   a - +0 war axe
rCold    . . .     Gourm    .   c - +0 shield
rNeg     . . .     Faith    .   b - +0 scale mail
rPois    .         Spirit   +   (no helmet)
rElec    .         Reflect  .   p - scarf {repulsion}
rCorr    .         Harm     .   h - +1 pair of gloves
MR       .....                  (no boots)
Stlth    +.........             q - amulet of guardian spirit
HPRegen  0.11/turn              (no ring)
MPRegen  0.09/turn              (no ring)

@: repel missiles
A: slimy green scales 1, nightstalker 1
a: no special abilities


You were on level 2 of the Dungeon.
You were not hungry.

You visited 1 branch of the dungeon, and saw 2 of its levels.

You collected 57 gold pieces.

Inventory:

Hand Weapons
 a - a +0 war axe (weapon)
Armour
 b - a +0 scale mail (worn)
 c - a +0 shield (worn)
 h - a +1 pair of gloves (worn)
 i - a +0 cloak
 p - a scarf of repulsion (worn)
Jewellery
 q - an amulet of guardian spirit (around neck)
Scrolls
 e - a scroll of remove curse {unknown}
 g - a scroll of blinking {unknown}
 j - a scroll of teleportation {unknown}
 k - a scroll of magic mapping {unknown}
 l - a scroll of identify {unknown}
 u - a scroll of enchant armour {unknown}
Potions
 d - a potion of might
 m - 2 potions of heal wounds {unknown}
 n - a potion of berserk rage {unknown}
 o - a potion of brilliance {unknown}
 r - a potion of cancellation {unknown}
 s - a potion of invisibility {unknown}
Comestibles
 f - 4 rations
 t - a chunk of flesh


   Skills:
 + Level 3.3 Fighting
 + Level 2.6 Axes
 + Level 3.2 Armour
 + Level 1.1 Dodging
 + Level 0.1 Stealth
 + Level 3.4 Shields


You had 3 spell levels left.
You didn't know any spells.
Your spell library was empty.

Dungeon Overview and Level Annotations

Branches:
Dungeon (2/15)

Altars:


Innate Abilities, Weirdness & Mutations

You are partially covered in slimy green scales. (AC +2)
You are slightly more attuned to the shadows.


Message History

The gnoll is heavily wounded.
The gnoll hits you from afar with a +0 spear.
* * * LOW HITPOINT WARNING * * *
You block the gnoll's attack. The gnoll barely misses you.
The gnoll closely misses you.
You closely miss the gnoll.
The gnoll is heavily wounded.
The gnoll hits you but does no damage. You block the gnoll's attack.
You hit the gnoll.
You kill the gnoll!
You block the gnoll's attack. The gnoll hits you but does no damage.
The gnoll hits you but does no damage.
You see here a +0 spear.
You closely miss the gnoll. The gnoll hits you but does no damage.
You slash the gnoll!
You kill the gnoll!
You hit the gnoll.
The gnoll is lightly wounded.
The gnoll hits you with a +0 flail!
You die...

..#.. #.....# #.#..
.#.....# #.#.# #
......... .......#
#.#.# # #. .........
.###...##
#.#.##.###.####..$.....
##..#.
#....#.................
######...
#.#.#.####.......#.....
.......#.
.................g.....
######<##
#.#.#.####......@# #(#.
##.รท.## #.....### #.##
##.## ###.#.# ###.#.
#.#######.#..# #.).##
#........###....
.###.....
#########.#..#.#.
......[... #.#.#.#
.......... ##). .
#......... #.#####.##


You could see a gnoll.

Vanquished Creatures
  2 adders (D:2)
  3 gnolls (D:2)
  3 worms (D:2)
  2 leopard geckos (D:1)
  A giant cockroach (D:1)
  5 goblins
  6 hobgoblins
  5 jackals (D:2)
  3 kobolds
  A quokka (D:2)
  8 bats
  A frilled lizard (D:1)
  8 rats
48 creatures vanquished.

Notes
Turn   | Place    | Note
-------+----------+-------------------------------------------
     0 | D:1      | galech the Demonspawn Fighter began the quest for the Orb.
     0 | D:1      | Reached XP level 1. HP: 18/18 MP: 1/1
   218 | D:1      | Gained mutation: You are slightly more attuned to the
                  | shadows. [demonic ancestry]
   218 | D:1      | Reached XP level 2. HP: 24/24 MP: 2/2
   985 | D:2      | Gained mutation: You are partially covered in slimy green
                  | scales. (AC +2) [demonic ancestry]
   985 | D:2      | Reached XP level 3. HP: 29/29 MP: 1/3
  1196 | D:2      | Reached XP level 4. HP: 19/35 MP: 4/4
  1218 | D:2      | Reached skill level 1 in Dodging
  1419 | D:2      | Slain by a gnoll

Vault maps used:
D:1:      scummos_arrival_checkerplants
D:2:      minmay_diamond_boxcup

Skill      XL: |  1  2  3  4 |
---------------+-------------+-----
Armour         | 3 |  3.2
Shields        | 3 |  3.4
Axes           | 2 |  2.6
Dodging        | 1 |  1.1
Fighting       | |  3.3
Stealth        | |  0.1

Action                   |  1- 3 |  4- 6 || total
-------------------------+-------+-------++-------
Melee: War axe           |   125 |    41 ||   166
  Eat: Chunk             |     1 |     1 ||     2
Armor: Scale mail        |    73 |    17 ||    90
Dodge: Dodged            |    66 |    10 ||    76
Block: Shield            |    81 |    32 ||   113

Table legend:
 A = Non-vault XP
 B = Vault XP
 C = Vault XP percentage of total XP
 D = Non-vault monster count
 E = Vault monster count
 F = Vault count percentage of total count
                 A         B        C        D         E       F
            +---------+---------+-------+---------+---------+-------
      Total |     146 |       4 |   2.7 |      46 |       2 |   4.2
            +---------+---------+-------+---------+---------+-------
        D:1 |      35 |       0 |   0.0 |      21 |       0 |   0.0
        D:2 |     111 |       4 |   3.5 |      25 |       2 |   7.4
            +---------+---------+-------+---------+---------+-------
